 Dungeon Crawl Stone Soup version 0.29-a0-243-g602b31c20e (webtiles) character file.

Game seed: 4841097432803513221

62 spaghetti the Ducker (level 3, -1/29 HPs)
             Began as a Demonspawn Chaos Knight on Mar 5, 2022.
             Was a Plaything of Xom.
             Slain by an orc
             ... wielding a +3 short sword
              (5 damage)
             ... on level 4 of the Dungeon.
             The game lasted 00:03:48 (2925 turns).

spaghetti the Ducker (Demonspawn Chaos Knight)      Turns: 2925, Time: 00:03:49

Health: -1/29      AC:  8    Str: 14    XL:     3   Next: 85%
Magic:  3/3        EV: 12    Int: 13    God:    Xom [.*....]
Gold:   180        SH:  0    Dex: 12    Spells: 2/2 levels left

rFire   . . .      SeeInvis .     - Unarmed
rCold   . . .      Faith    .   (no shield)
rNeg    . . .      Spirit   .   a - +3 leather armour
rPois   .          Reflect  .   (no helmet)
rElec   .          Harm     .   (no cloak)
rCorr   .          Rampage  .   (no gloves)
Will    .....                   (no boots)
Stlth   +.........              (no amulet)
HPRegen 0.09/turn               (no ring)
MPRegen 0.08/turn               (no ring)

@: brilliant, lethally poisoned (-1 -> -11), about to teleport
A: icy blue scales 1, hooves 1
a: Renounce Religion


You were on level 4 of the Dungeon.
You worshipped Xom.
You were a plaything of Xom.
You visited 1 branch of the dungeon, and saw 4 of its levels.

You collected 180 gold pieces.


Innate Abilities, Weirdness & Mutations

You are partially covered in icy blue scales. (AC +2)
You have large cloven feet.


   Skills:
 - Level 3.0 Fighting
 - Level 1.7 Armour
 + Level 3.4 Dodging
 - Level 2.6 Unarmed Combat


You had 2 spell levels left.
You didn't know any spells.
Your spell library contained the following spells:

 Spells                   Type           Power      Damage    Failure   Level
 Summon Small Mammal      Summ           0%         N/A       36%         1
 Call Canine Familiar     Summ           0%         N/A       75%         3
 Summon Guardian Golem    Hex/Summ       0%         N/A       75%         3
 Orb of Destruction       Conj           0%         9d5       100%        7
 Spellforged Servitor     Conj/Summ      0%         N/A       100%        7

Inventory:

Hand Weapons
 b - a +0 dagger {short}
   (You took it off a kobold on level 3 of the Dungeon)
 d - a +0 spear {polearm}
   (You found it on level 2 of the Dungeon)
 h - a +0 dagger {short}
   (You took it off a goblin on level 2 of the Dungeon)
 i - a +0 club {mace}
   (You took it off a kobold on level 3 of the Dungeon)
 j - a +0 club {mace}
   (You took it off an orc on level 3 of the Dungeon)
 k - a +0 club {mace}
   (You took it off an orc on level 3 of the Dungeon)
 n - a +0 whip {mace}
   (You took it off an orc on level 3 of the Dungeon)
 q - a +0 club {mace}
   (You found it on level 3 of the Dungeon)
 r - a +0 whip {mace}
   (You found it on level 3 of the Dungeon)
 t - a +0 hand axe {axe}
   (You found it on level 3 of the Dungeon)
 u - a +3 hand axe {axe}
   (You found it on level 3 of the Dungeon)
Missiles
 c - 129 stones (quivered) {throwing}
 p - 11 boomerangs {throwing}
Armour
 a - a +3 leather armour (worn)
Wands
 o - a wand of flame (18)
   (You found it on level 3 of the Dungeon)
Scrolls
 f - 2 scrolls of teleportation {@r4}
 s - 2 scrolls of enchant armour
Potions
 e - a potion of ambrosia
 g - a potion of magic
 l - a potion of curing {@q1}
 m - a potion of flight

Dungeon Overview and Level Annotations

Branches:
Dungeon (4/15)
 Temple: D:4-7

Altars:
Makhleb
Qazlal

.# .## ... .# ..# .
#.# #. #o###.## #.
#o{....# ##..#@#
..## #...#o# #...
###._...###.####
#.#
................
..# #######..#..###
#.# # #.....# #># #
#..#..# #.# #
#..#..# #.###
....#..########....


You could see an orc wizard and 2 orcs.


Message History

An orc wizard comes into view. It is wielding a +0 dagger.
You closely miss the orc wizard.
The orc wizard shouts!
You kick the orc wizard.
You feel very sick.
The orc wizard hits you but does no damage.
You are more poisoned. 😕 HP[-3]
You take 3 damage, and now have 26/29 hp.
You feel very sick. 😮 HP[-5]
You take 5 damage, and now have 21/29 hp.
It was a potion of brilliance.
You feel clever all of a sudden.
Xom roars with laughter!
You feel very sick. The orc closely misses you. 😮 HP[-3]
You take 3 damage, and now have 18/29 hp.
You feel better. The orc closely misses you.
The orc wizard mumbles some strange words.
The orc wizard flickers and vanishes!
Deactivating autopickup; reactivate with Ctrl-A. 😕 HP[+8]
You regained 8 hp, and now have 26/29 hp.
You barely miss the orc. Your kick misses the orc.
The orc hits you but does no damage.
You hit the orc. You kick the orc. The orc barely misses you.
You hit the orc.
You kill the orc! 😕 HP[+1]
The orc hits you with a +3 short sword. Something barely misses you.
You see here a +0 club {mace}. 😕 HP[-2]
You take 2 damage, and now have 25/29 hp.
You hit the orc. The orc closely misses you.
You hear some strange, mumbled words.
You are confused.
You are too confused!
You hit the orc but do no damage. Your kick misses the orc.
Your punch misses the orc. The orc hits you but does no damage.
Something hits you.
You are poisoned. 😕 HP[-2]
You take 2 damage, and now have 23/29 hp.
You bump into the stone wall.
You feel very sick. The orc hits you but does no damage.
Something hits you but does no damage. 😮 HP[-3]
You take 3 damage, and now have 20/29 hp.
You completely miss something. Your kick misses something.
You feel sick. The orc hits you with a +3 short sword.
Something hits you but does no damage.
You are more poisoned.
The orc wizard hits you but does no damage. 😮 HP[-3]
You take 3 damage, and now have 17/29 hp.
You barely miss the orc wizard. You punch the orc wizard.
* * * LOW HITPOINT WARNING * * *
You feel very sick. The orc misses you. Something hits you.
* * * LOW HITPOINT WARNING * * *
You are more poisoned.
The orc wizard casts a spell at you. The magic dart hits you.
* * * LOW HITPOINT WARNING * * *
😨 HP[-5]
You take 5 damage, and now have 12/29 hp.
You feel better. The orc hits you but does no damage.
You hear some strange, mumbled words.
A puff of flame appears from out of thin air!
The puff of flame misses you.
The orc wizard barely misses you. 😕 HP[+11]
You regained 11 hp, and now have 23/29 hp.
Okay, then.
You barely miss the orc wizard. The orc hits you with a +3 short sword!
Something hits you but does no damage.
You are poisoned.
The orc wizard barely misses you. 😮 HP[-7]
You take 7 damage, and now have 16/29 hp.
MASSIVE DAMAGE!! (PAUSE)
As you read the scroll of teleportation {@r4}, it crumbles to dust.
You feel strangely unstable.
You feel sick. The orc barely misses you. Something hits you.
* * * LOW HITPOINT WARNING * * *
You are lethally poisoned!
The orc wizard hits you with a +0 dagger.
* * * LOW HITPOINT WARNING * * *
😱 HP[-9]
You take 9 damage, and now have 7/29 hp.
MASSIVE DAMAGE!! (PAUSE) Unknown command.
Aiming: Throw Flame
Press: ? - help, Shift-Dir - straight line, f - orc wizard
Aim: an orc wizard, wielding a +0 dagger and wearing a +0 robe (moderately wounded, 60% to hit)
The puff of flame hits the orc wizard.
* * * LOW HITPOINT WARNING * * *
You feel very sick. The orc hits you with a +3 short sword.
You die...

Skill      XL: |  1  2  3 |
---------------+----------+-----
Dodging        | 1 2 3 |  3.4
Fighting       | |  3.0
Armour         | |  1.7
Unarmed Combat | |  2.6

Action                   || total
-------------------------++-------
Melee: Unarmed           ||   192
       Punch             ||     5
       Kick              ||    27
Throw: Stone             ||    11
Evoke: Wand              ||     1
  Use: Scroll            ||    10
       Potion            ||     3
 Stab: Sleeping          ||     2
Armor: Leather armour    ||   117
Dodge: Dodged            ||   143

Levels and vault maps discovered:
D:1:      ncdulo_halloftheorcs, layout_basic,
          shapermc_ecumenical_altar_mp_ritualfount, minmay_misc_feat_nine_boxes
D:2:      layout_loops_cross, basic_altar, supply_closet_lemuel,
          kennysheep_generic_room_16
D:3:      layout_basic, minmay_starry_boxes, uniq_ijyb, uniq_sigmund,
          uniq_jessica
D:4:      layout_loops_ring, bloody_makhleb, palyth_stone_intersect

Notes
Turn   | Place    | Note
-------+----------+-------------------------------------------
     0 | D:1      | spaghetti the Demonspawn Chaos Knight began the quest for
                  | the Orb.
     0 | D:1      | Reached XP level 1. HP: 18/18 MP: 1/1
     0 | D:1      | magus.rc [v1.9.6]
    32 | D:1      | Reached skill level 1 in Dodging
    34 | D:1      | XOM: divination: detect creatures
    81 | D:1      | XOM: divination: magic mapping
   440 | D:1      | XOM: potion effect (brilliance)
   455 | D:1      | Gained mutation: You are partially covered in icy blue
                  | scales. (AC +2) [demonic ancestry]
   455 | D:1      | Reached XP level 2. HP: 16/24 MP: 2/2
   632 | D:1      | Found a faded altar of an unknown god.
   647 | D:1      | Reached skill level 2 in Dodging
   917 | D:1      | XOM: summons 3 hostile shadow creatures
  1685 | D:2      | XOM: god gift: 48 gold pieces
  1820 | D:2      | Reached XP level 3. HP: 12/29 MP: 3/3
  2073 | D:2      | XOM is BORED!
  2073 | D:2      | XOM: give mutations
  2073 | D:2      | Gained mutation: You tend to lose your temper in combat.
                  | [Xom's mischief]
  2073 | D:2      | Lost mutation: You tend to lose your temper in combat.
                  | [Xom's mischief]
  2073 | D:2      | Gained mutation: You have large cloven feet. [Xom's
                  | mischief]
  2275 | D:2      | Found a stormy altar of Qazlal.
  2315 | D:2      | You pick up a book of Callings and begin reading...
  2315 | D:2      | You add the spells Summon Small Mammal, Call Canine
                  | Familiar and Summon Guardian Golem to your library.
  2511 | D:3      | Reached skill level 3 in Dodging
  2754 | D:3      | XOM is BORED!
  2754 | D:3      | XOM: 1-stop teleportation journey
  2824 | D:3      | You pick up a book of Dangerous Friends and begin
                  | reading...
  2824 | D:3      | You add the spells Orb of Destruction and Spellforged
                  | Servitor to your library.
  2880 | D:3      | You fall into a shaft and drop 1 floor!
  2901 | D:4      | Found a burning altar of Makhleb.
  2924 | D:4      | HP: 7/29 [orc wizard/+0 dagger (3)]
  2925 | D:4      | Slain by an orc

Vanquished Creatures
  2 worms
  4 orcs
  7 bats
  5 endoplasms
  A giant cockroach (D:1)
  2 goblins
  10 hobgoblins
  6 kobolds
  3 quokkas
  2 ball pythons (D:2)
  2 frilled lizards
  2 rats (D:3)
46 creatures vanquished.

Table legend:
 A = Non-vault XP
 B = Vault XP
 C = Vault XP percentage of total XP
 D = Non-vault monster count
 E = Vault monster count
 F = Vault count percentage of total count
                 A         B        C        D         E       F
            +---------+---------+-------+---------+---------+-------
      Total |      73 |      16 |  18.0 |      36 |      10 |  21.7
            +---------+---------+-------+---------+---------+-------
        D:1 |      21 |       0 |   0.0 |      11 |       0 |   0.0
        D:2 |      24 |       7 |  22.6 |      13 |       4 |  23.5
        D:3 |      25 |       9 |  26.5 |      11 |       6 |  35.3
        D:4 |       3 |       0 |   0.0 |       1 |       0 |   0.0
            +---------+---------+-------+---------+---------+-------

Illustrated notes

Table legend:
 A = Kills in this place as a percentage of kills in entire the game.
 B = Kills by you in this place as a percentage of kills by you in the entire game.
 C = Kills by friends in this place as a percentage of kills by friends in the entire game.
 D = Other kills in this place as a percentage of other kills in the entire game.
 E = Experience gained in this place as a percentage of experience gained in the entire game.
 F = Experience gained in this place divided by the number of levels of this place that you have seen.
                   A       B       C       D       E      F
               +-------+-------+-------+-------+-------+----------------------
         Total | 100.0 | 100.0 |   N/A |   N/A | 100.0 |  22.2
       Dungeon | 100.0 | 100.0 |   N/A |   N/A | 100.0 |  22.2
               +-------+-------+-------+-------+-------+----------------------

Table legend: (Time is in decaauts)
 A = Elapsed time spent in this place.
 B = Non-inter-level travel time spent in this place.
 C = Inter-level travel time spent in this place.
 D = Time resting spent in this place.
 E = Time spent auto-exploring this place.
 F = Levels seen in this place.
 G = Mean time per level.
                   A        B        C        D        E       F      G
               +--------+--------+--------+--------+--------+-----+--------+
         Total |   2919 |   2837 |     82 |    525 |   1878 |   4 |  729.8 |
       Dungeon |   2919 |   2837 |     82 |    525 |   1878 |   4 |  729.8 |
               +--------+--------+--------+--------+--------+-----+--------+

Top non-repeatable levels by time:
     D:2: 1244 daAuts
     D:1: 1241 daAuts
     D:3: 389 daAuts
     D:4: 44 daAuts
